 Dungeon Crawl Stone Soup version 0.29.1-13-g9f3cf754e1 (webtiles) character file.

Game seed: 14903122705638900272

451 thatguyhowie the Magician (level 7, 0/47 HPs)
             Began as a Djinni Fire Elementalist on Feb 3, 2023.
             Was an Initiate of Ashenzari.
             Slain by an adder (2 damage)
             ... on level 4 of the Dungeon.
             The game lasted 00:58:49 (4718 turns).

thatguyhowie the Magician (DjFE)                    Turns: 4718, Time: 00:58:50

Health: 0/47       AC:  5    Str:  7    XL:     7   Next: 25%
Gold:   221        EV: 12    Int: 18    God:    Ashenzari [......] SH:  0 Dex: 14

rFire   + + .      SeeInvis .   h - +0 dagger (drain)
rCold   . . .      Faith    .   (no shield)
rNeg    . . .      Spirit   .   w - +1 leather armour "Wonorphiro" {rC+}
rPois   ∞          Reflect  .   r - +0 helmet
rElec   .          Harm     .   (no cloak)
rCorr   +          Rampage  .   (no gloves)
Will    .....                   (boots unavailable)
Stlth   ++........              (no amulet)
HPRegen 0.15/turn               j - ring of resist corrosion
MPRegen 0.00/turn               o - ring "Efau" {Fly rPois Slay+4}

@: flying, very slightly contaminated
A: sickness immunity, fire resistance 2, cold vulnerability 1, float, innate
caster, HP casting, extra vitality 1
a: Renounce Religion


You were on level 4 of the Dungeon.
You worshipped Ashenzari.
Ashenzari was noncommittal.
You visited 1 branch of the dungeon, and saw 4 of its levels.

You collected 221 gold pieces.

Inventory:

Hand Weapons
 h - a +0 dagger of draining (weapon)
 n - a +0 sling
Missiles
 d - 27 stones
 f - 5 atropa-tipped darts
 l - 10 poisoned darts
 v - 3 curare-tipped darts
Armour
 r - a +0 helmet (worn)
 w - the +1 leather armour "Wonorphiro" (worn) {rC+}
   (You found it on level 4 of the Dungeon)

   rC:        It protects you from cold.
Jewellery
 j - a ring of resist corrosion (left hand)
 k - an amulet of the acrobat
 o - the ring "Efau" (right hand) {Fly rPois Slay+4}
   (You found it on level 2 of the Dungeon)

   [ring of flight]

   Slay:      It affects your accuracy & damage with ranged weapons and melee
   (+4).
   rPois:     It protects you from poison.
   Fly:       It grants you flight.
 u - a ring of resist corrosion
Scrolls
 a - a scroll of fear
 c - a scroll of acquirement
 g - a scroll of magic mapping
 q - a scroll of enchant weapon
 t - a scroll of blinking
Potions
 b - a potion of attraction {unknown}
 e - 2 potions of mutation {unknown}
 i - 2 potions of haste
 m - a potion of curing {unknown}
 p - a potion of magic {unknown}
 s - 2 potions of flight {unknown}


   Skills:
 + Level 1.0 Fighting
 + Level 0.5 Short Blades
 + Level 0.1 Armour
 + Level 2.5 Dodging
 + Level 2.9 Stealth
 + Level 5.2 Spellcasting


You couldn't memorise any spells.
You knew the following spells:

 Your Spells              Type           Power      Damage    Failure   Level
a - Foxfire               Conj/Fire      92%        2x1d8     2%          1
b - Scorch                Fire           46%        2d7       3%          2
c - Conjure Flame         Conj/Fire      23%        6-21      6%          3
d - Inner Flame           Hex/Fire       23%        N/A       6%          3
e - Flame Wave            Conj/Fire      23%        2d8       22%         4
f - Apportation           Tloc           46%        N/A       2%          1
g - Static Discharge      Conj/Air       23%        3-6/arc   3%          2
h - Mephitic Cloud        Conj/Pois/Air  23%        N/A       6%          3
Your spell library was empty.

Dungeon Overview and Level Annotations

Branches:
Dungeon (4/15)
 Temple: D:4-7

Altars:
Ashenzari
Cheibriados
Gozag
Nemelex Xobeh
Okawaru
Qazlal
Wu Jian
Zin
The Shining One


Innate Abilities, Weirdness & Mutations

You are immune to sickness and miasma.
You are immune to poison.
Your flesh is very heat resistant. (rF++)
You are vulnerable to cold. (rC-)
You float through the air rather than walking.
You learn spells naturally, not from books.
Your magical power is your life essence.
You have superior vitality. (+4 MHP)


Message History

You kill the scorpion!
The hound barely misses you.
You have reached level 7!
The power to cast Mephitic Cloud wells up from within.
Spell assigned to 'h'.
Casting: Scorch (safe; 3% risk of failure)
Press: ? - help, Q - select action, (/) - cycle Dir - look around, f - activate Look: a hound (heavily wounded, more vulnerable to fire) Flames lash the endoplasm.
You kill the endoplasm!
The hound bites you.
* * * LOW HITPOINT WARNING * * *
The hound misses you.
Casting: Scorch (safe; 3% risk of failure)
Press: ? - help, Q - select action, (/) - cycle Dir - look around, f - activate Look: a hound (heavily wounded, more vulnerable to fire)
You miscast Scorch.
Nothing appears to happen.
* * * LOW HITPOINT WARNING * * *
The hound is no longer more vulnerable to fire.
The hound completely misses you.
You barely miss the hound.
The hound is heavily wounded.
The hound bites you.
* * * LOW HITPOINT WARNING * * *
The hound misses you.
Casting: Scorch (safe; 3% risk of failure)
Press: ? - help, Q - select action, (/) - cycle Dir - look around, f - activate Look: a hound (heavily wounded) Flames lash the hound.
You kill the hound!
* * * LOW HITPOINT WARNING * * *
Casting: Scorch (safe; 3% risk of failure)
Press: ? - help, Q - select action, (/) - cycle Dir - look around, f - activate Look: an adder Flames lash the adder.
The adder is heavily wounded.
The adder's fire resistance burns away.
* * * LOW HITPOINT WARNING * * *
The adder bites you.
You die...

#...............# #.
#...............# #.
#...............# #.
#...........##### #.
#...........# #.
#...........########
##
#######>............
#.###########. #@#
#S# #'# #...†......#
#..........#
#..........#
............#
####.........#
#.........#


You could see an adder (combustible).

Vanquished Creatures
  A steam dragon (D:4)
  A scorpion (D:4)
  A hound (D:4)
  Natasha (thrice) (D:2)
  An orc wizard (D:3)
  2 adders (D:2)
  A gnoll (D:1)
  A worm (D:2)
  3 dart slugs
  13 orcs
  6 ball pythons
  4 endoplasms
  4 giant cockroaches
  8 goblins
  7 hobgoblins
  4 jackals (D:1)
  7 kobolds
  3 quokkas
  8 bats
  2 frilled lizards
  6 rats
86 creatures vanquished.

Vanquished Creatures (others)
  146 foxfires
146 creatures vanquished.

Grand Total: 232 creatures vanquished

Notes
Turn   | Place    | Note
-------+----------+-------------------------------------------
     0 | D:1      | thatguyhowie the Djinni Fire Elementalist began the quest
                  | for the Orb.
     0 | D:1      | thatguyhowie set off with the following spells memorised:
                  | Foxfire, Scorch, Conjure Flame, Inner Flame, Flame Wave.
     0 | D:1      | Reached XP level 1. HP: 15/15 MP: 0/0
   202 | D:1      | Reached XP level 2. HP: 18/21 MP: 0/0
   309 | D:1      | You are sucked into a shaft and drop 1 floor!
   331 | D:2      | Reached XP level 3. HP: 6/25 MP: 0/0
   331 | D:2      | Learned a level 1 spell: Apportation
   440 | D:2      | Reached skill level 3 in Spellcasting
   843 | D:2      | Found a faded altar of an unknown god.
  1477 | D:1      | Reached XP level 4. HP: 28/31 MP: 0/0
  2269 | D:2      | Identified a scroll of acquirement
  2365 | D:2      | Noticed Natasha
  2371 | D:2      | Killed Natasha
  2372 | D:2      | Reached XP level 5. HP: 32/36 MP: 0/0
  2372 | D:2      | Learned a level 2 spell: Static Discharge
  2994 | D:2      | Identified the ring "Efau" {Fly rPois Slay+4}
  3051 | D:2      | Noticed Natasha
  3058 | D:2      | Killed Natasha
  3059 | D:2      | Reached skill level 4 in Spellcasting
  3287 | D:2      | Noticed Natasha
  3291 | D:2      | Killed Natasha
  3314 | D:2      | Prayed at the altar of an unknown god.
  3314 | D:2      | Became a worshipper of the Wu Jian Council
  3314 | D:2      | Reached * piety under Wu Jian
  3409 | D:3      | Reached XP level 6. HP: 24/41 MP: 0/0
  3976 | D:3      | Found an ornate altar of the Wu Jian Council.
  3977 | D:3      | Found a glowing silver altar of Zin.
  3984 | D:3      | Found a snail-covered altar of Cheibriados.
  3985 | D:3      | Found an opulent altar of Gozag.
  3989 | D:3      | Found a sparkling altar of Nemelex Xobeh.
  3990 | D:3      | Found a stormy altar of Qazlal.
  3993 | D:3      | Found an iron altar of Okawaru.
  3995 | D:3      | Found a glowing golden altar of the Shining One.
  4431 | D:4      | Noticed a steam dragon
  4439 | D:4      | Killed a steam dragon
  4440 | D:4      | Reached skill level 1 in Fighting
  4575 | D:4      | Found a broken altar of Ashenzari.
  4588 | D:4      | Identified the +1 leather armour "Wonorphiro" {rC+}
  4624 | D:4      | Reached skill level 5 in Spellcasting
  4638 | D:4      | Fell from the grace of Wu Jian
  4638 | D:4      | Became a worshipper of Ashenzari the Shackled
  4714 | D:4      | Reached XP level 7. HP: 17/47 MP: 0/0
  4714 | D:4      | Learned a level 3 spell: Mephitic Cloud
  4718 | D:4      | Slain by an adder

Illustrated notes

Levels and vault maps discovered:
D:1:      nicolae_arrival_washed_ashore, layout_basic,
          minmay_misc_feat_ornament, minmay_misc_feat_iff, st_stairs_1
D:2:      layout_basic, ebering_ecumenical_altar_petrified, uniq_natasha
D:3:      layout_basic, nicolae_overflow_hallway_of_the_gods,
          minmay_misc_feat_pillars
D:4:      layout_basic, evilmike_ruin_ashenzari

Skill      XL: |  1  2  3  4  5  6 |
---------------+-------------------+-----
Spellcasting   | 3 4 5 |  5.2
Stealth        | 2 |  2.9
Fighting       | 1 |  1.0
Short Blades   | |  0.5
Armour         | |  0.1
Dodging        | |  2.5

Action                   |  1- 3 |  4- 6 |  7- 9 || total
-------------------------+-------+-------+-------++-------
Melee: Dagger            |    19 |     6 |     1 ||    26
       Punch             |     1 |       |       ||     1
 Cast: Foxfire           |    37 |    69 |       ||   106
       Scorch            |     8 |    14 |     3 ||    25
       Inner Flame       |       |     2 |       ||     2
       Conjure Flame     |       |     1 |       ||     1
  Use: Scroll            |       |     6 |       ||     6
Armor: Robe              |     3 |     2 |       ||     5
       Leather armour    |       |     1 |       ||     1
Dodge: Dodged            |    11 |     6 |     3 ||    20
